 Dungeon Crawl Stone Soup version 0.29-a0-322-g68df515428 (webtiles) character file.

Game seed: 16207060647165804005

100811 Dabor the Bludgeoner (level 16, 0/147 HPs)
             Began as a Hill Orc Fighter on Apr 9, 2022.
             Was an Elder of Beogh.
             Killed from afar by a titan (9 damage)
             ... with a bolt of lightning
             ... on level 4 of the Shoals.
             The game lasted 00:51:07 (31230 turns).

Dabor the Bludgeoner (Hill Orc Fighter)            Turns: 31230, Time: 00:51:08

Health: 0/147      AC: 30    Str: 30    XL:     16   Next: 28%
Magic:  23/24      EV: 15    Int:  8    God:    Beogh [****..]
Gold:   1299       SH:  5    Dex: 10    Spells: 13/15 levels left

rFire   + . .      SeeInvis .   o - +9 great mace "Arbiter" {freeze, Str+3}
rCold   . . .      Faith    .   (shield currently unavailable)
rNeg    . . .      Spirit   .   B - +4 chain mail {rF+}
rPois   .          Reflect  +   A - +2 helmet
rElec   .          Harm     .   e - +2 cloak
rCorr   .          Rampage  .   S - +1 pair of gloves
Will    ++...                   T - +2 pair of boots {Fly}
Stlth   ..........              h - amulet of reflection
HPRegen 0.34/turn               s - +4 ring of evasion
MPRegen 0.19/turn               K - ring of willpower

@: flying, mesmerised, invisible
A: no striking features
a: Renounce Religion, Smiting, Recall Orcish Followers


You were on level 4 of the Shoals.
You worshipped Beogh.
Beogh was greatly pleased with you.
You visited 3 branches of the dungeon, and saw 24 of its levels.
You also visited: Ossuary and Bailey.

You collected 1773 gold pieces.
You spent 474 gold pieces at shops.

Inventory:

Hand Weapons
 o - the +9 great mace "Arbiter" (weapon) {freeze, Str+3}
   (You took it off an ogre on level 5 of the Dungeon)

   It freezes those it strikes, dealing additional cold damage.
   It can also slow down cold-blooded creatures.
   Str:       It affects your strength (+3).
 t - the +3 spear of Desperation {flame, Fly}
   (You found it on level 1 of the Lair of Beasts)

   It burns those it strikes, dealing additional fire damage.
   Fly:       It grants you flight.
 F - the +0 rapier "Xyzaliv" {drain, *Rage rC+++ MP+9 Dex+4}
   (You found it on level 10 of the Dungeon)

   A truly terrible weapon, it drains the life of any living foe it strikes.
   Dex:       It affects your dexterity (+4).
   rC:        It renders you almost immune to cold.
   MP:        It affects your magic capacity (+9).
   *Rage:     It berserks you when you make melee attacks (+20% chance).
Missiles
 q - 33 poisoned darts
 I - a silver boomerang (quivered)
 J - 32 boomerangs
Armour
 e - a +2 cloak (worn)
 A - a +2 helmet (worn)
 B - a +4 chain mail of fire resistance (worn)
 S - a +1 pair of gloves (worn)
 T - a +2 pair of boots of flying (worn)
Jewellery
 a - a +4 ring of slaying
 g - a +4 ring of protection
 h - an amulet of reflection (around neck)
 j - a ring of protection from cold
 r - a ring of flight
 s - a +4 ring of evasion (left hand)
 u - an amulet of the acrobat
 v - a ring of wizardry
 K - a ring of willpower (right hand)
 W - a ring of see invisible
 Y - a ring of willpower
Wands
 c - a wand of polymorph (11)
 k - a wand of charming (8)
 y - a wand of acid (8)
 M - a wand of mindburst (3)
 X - a wand of paralysis (1)
Scrolls
 b - 2 scrolls of holy word
 i - 8 scrolls of vulnerability
 l - 5 scrolls of amnesia
 m - 3 scrolls of fear
 n - 4 scrolls of torment
 x - 2 scrolls of teleportation
 z - 3 scrolls of magic mapping
 E - a scroll of enchant weapon
 N - a scroll of enchant armour
 O - 5 scrolls of silence
 R - a scroll of fog
 U - 3 scrolls of blinking
Potions
 d - 5 potions of lignification
 f - 7 potions of brilliance
 p - 4 potions of invisibility
 w - 7 potions of might
 D - a potion of ambrosia
 G - a potion of resistance
 H - 2 potions of haste
 Q - 3 potions of attraction
 V - a potion of magic
 Z - a potion of cancellation {unknown}
Miscellaneous
 C - a phantom mirror (inert)
 P - a lightning rod (1/4)


   Skills:
 * Level 14.8 Fighting
 - Level 6.1(16.3) Axes
 - Level 19.7(20.0) Maces & Flails
 - Level 4.0 Throwing
 * Level 13.5 Armour
 + Level 6.9 Dodging
 - Level 5.0 Shields
 + Level 11.1 Invocations
 - Level 5.0 Evocations


You had 13 spell levels left.
You knew the following spells:

 Your Spells              Type           Power      Damage    Failure   Level
a - Passwall              Tmut/Erth      0%         N/A       92%         2

Your spell library contained the following spells:

 Spells                   Type           Power      Damage    Failure   Level
 Animate Skeleton         Necr           0%         N/A       83%         1
 Apportation              Tloc           0%         N/A       83%         1
 Pain                     Necr           0%         1d4       83%         1
 Sandblast                Erth           0%         2d4       83%         1
 Shock                    Conj/Air       0%         1d3       83%         1
 Summon Small Mammal      Summ           0%         N/A       83%         1
 Blink                    Tloc           0%         N/A       92%         2
 Static Discharge         Conj/Air       0%         N/A       92%         2
 Call Canine Familiar     Summ           0%         N/A       99%         3
 Portal Projectile        Hex/Tloc       0%         N/A       99%         3
 Stone Arrow              Conj/Erth      0%         3d7       99%         3
 Summon Guardian Golem    Hex/Summ       0%         N/A       99%         3
 Swiftness                Air            0%         N/A       99%         3
 Tukima's Dance           Hex            0%         N/A       99%         3
 Vampiric Draining        Necr           0%         2d6       99%         3
 Airstrike                Air            0%         N/A       100%        4
 Dispel Undead            Necr           0%         3d6       100%        4
 Leda's Liquefaction      Hex/Erth       0%         N/A       100%        4
 Passage of Golubria      Tloc           0%         N/A       100%        4
 Sticky Flame             Conj/Fire      0%         2d3       100%        4
 Blade Hands              Tmut           0%         N/A       100%        5
 Excruciating Wounds      Necr           0%         N/A       100%        5
 Fireball                 Conj/Fire      0%         3d3       100%        5
 Freezing Cloud           Conj/Ice/Air   0%         6-21      100%        5
 Iskenderun's Battlesphe  Conj           0%         2d6       100%        5
 Manifold Assault         Tloc           0%         N/A       100%        5
 Yara's Violent Unravell  Hex/Tmut       0%         3d3       100%        5
 Conjure Ball Lightning   Conj/Air       0%         3x3d6     100%        6
 Dispersal                Tloc           0%         N/A       100%        6
 Simulacrum               Ice/Necr       0%         N/A       100%        6
 Orb of Destruction       Conj           0%         9d5       100%        7
 Spellforged Servitor     Conj/Summ      0%         N/A       100%        7
 Storm Form               Tmut/Air       0%         N/A       100%        7
 Disjunction              Tloc           0%         N/A       100%        8
 Polar Vortex             Ice            0%         N/A       100%        9


Dungeon Overview and Level Annotations

Branches:
Dungeon (14/15)            Temple (0/1) D:6            Lair (6/6) D:11
 Shoals (4/4) Lair:3        Snake (0/4) Lair:2        Slime (0/5) Lair:5
    Orc (0/2) D:11         Vaults (0/5) D:14        Ossuary (visited)
 Bailey (visited)

Altars:
Ashenzari
Gozag
Kikubaaqudgha
Ru
Uskayaw
Vehumet
Wu Jian
Jiyva

Shops:
D:1 (   D:10 (   Shoals:3 *

Annotations:
D:14 Jorgrun


Message History

The bolt of lightning hits the titan.
The titan completely resists.
The bolt of lightning hits the plant!!
The plant begins to die.
The bolt of lightning hits the plant!!!
The merfolk hits you but does no damage.
You miss the merfolk.
The merfolk is heavily wounded.
The titan shouts!
The merfolk siren chants its luring song.
The merfolk siren struggles against the net.
The titan closely misses you.
You hit the titan. You freeze the titan.
The titan is lightly wounded.
You block the merfolk's attack.
You thump the titan! You freeze the titan.
The titan is lightly wounded.
The titan hits you!!! The merfolk hits you with a +3 spear!
You bludgeon the titan!! You freeze the titan.
The titan is heavily wounded.
The merfolk siren struggles against the net.
The titan barely misses you.
You barely miss the titan.
The titan is heavily wounded.
The merfolk hits you but does no damage.
The merfolk siren chants its luring song.
The merfolk siren struggles against the net.
You bludgeon the titan!! You freeze the titan.
The titan is severely wounded.
A nearby plant withers and dies.
The titan gestures at you while chanting.
The bolt of lightning hits you!!!
* * * LOW HITPOINT WARNING * * *
The bolt of lightning misses you.
The bolt of lightning hits the titan.
The titan completely resists.
You fade into invisibility!
The titan shouts!
The titan casts a spell at you. The bolt of lightning hits you!!
* * * LOW HITPOINT WARNING * * *
The bolt of lightning hits you!
You die...

#m.# #≈≈.
#.C#########
#..........##
#...........#
#...##'##...#
#PP##..(## .#
#..#Pm...#
##.#).C..#
#.#P@m..#
#.##.P.## #.
#####


You could see a titan, a merfolk (can't see you) and a merfolk siren
(mesmerising, caught).

Vanquished Creatures
  Bai Suzhen (Shoals:3)
  Polyphemus (Shoals:4)
  Ilsuiw (Shoals:2)
  9 orc warlords
  Snorg (D:14)
  7 merfolk impalers
  2 merfolk javelineers
  Josephine (D:11)
  7 vault guards (D:14)
  3 boulder beetles
  An alligator snapping turtle (Shoals:2)
  A hydra (D:11)
  4 centaur warriors
  4 catoblepae
  Erica (Lair:1)
  3 merfolk aquamancers
  2 two-headed ogres
  2 death yaks (Shoals:4)
  2 orc high priests (Shoals:3)
  3 skeletal warriors (D:12)
  Amaemon (Lair:3)
  8 sea snakes
  A deep elf pyromancer (D:12)
  6 orc knights
  14 harpies
  2 oklob plants (Shoals:1)
  5 ugly things (D:14)
  6 orc sorcerers
  9 manticores
  A faun (Shoals:2)
  8 elephants
  2 cyclopes
  3 black mambas
  3 merfolk sirens
  7 water nymphs
  Maurice (D:11)
  A torpor snail (Lair:6)
  A smoke demon (D:14)
  13 cane toads
  An unseen horror (D:12)
  A rime drake (Lair:1)
  10 komodo dragons
  An ice devil (D:14)
  12 merfolk
  10 trolls
  The ghost of hemabe71 the Charlatan, an amateur HuAr (D:4)
  9 wind drakes
  2 tyrant leeches
  7 snapping turtles
  7 dream sheep
  13 blink frogs
  A shadow (D:5)
  39 yaks
  A vampire (D:11)
  4 wraiths
  2 wyverns
  15 water elementals
  2 steam dragons
  5 vampire mosquitoes
  2 basilisks (Lair:6)
  Menkaure (D:7)
  An acid dragon (D:12)
  7 wargs
  A swamp worm (Lair:1)
  9 water moccasins
  40 orc warriors
  4 sky beasts
  2 black bears
  7 ogres
  9 wolves
  16 centaurs
  A phantom (D:4)
  4 kobold brigands
  10 bullfrogs
  2 gnoll sergeants
  A scorpion (D:4)
  4 wights (D:6)
  13 killer bees
  3 electric eels
  2 vampire bats (D:10)
  4 howler monkeys
  2 crimson imps (D:14)
  5 hounds
  2 lava snakes (Lair:5)
  12 orc priests
  A gnoll shaman (D:5)
  6 hell rats (Lair:6)
  Ijyb (D:5)
  6 iguanas
  15 orc wizards
  Natasha (thrice) (D:2)
  2 hound zombies (Ossuary)
  4 mummies (Ossuary)
  14 gnolls
  6 adders
  A shadow imp (D:5)
  5 white imps
  5 worms
  The ghost of flt the Sneak, a weakling TeDe (D:5)
  2 dart slugs
  60 orcs
  5 ball pythons
  3 bats
  3 bat skeletons (D:10)
  3 bat zombies (D:10)
  7 endoplasms
  A giant cockroach (D:2)
  9 goblins
  14 hobgoblins
  3 jackals (D:4)
  2 quokkas (D:2)
  5 frilled lizards
  A goblin zombie (Ossuary)
  4 hobgoblin zombies (Ossuary)
  A jackal zombie (Ossuary)
  38 kobolds
  2 orc zombies (Ossuary)
  A quokka zombie (D:5)
  3 rats
  3 rat zombies
695 creatures vanquished.

Vanquished Creatures (collateral kills)
  A vault guard (D:14)
  3 hydras
  A two-headed ogre (D:12)
  A skeletal warrior (D:12)
  2 ugly things
  2 manticores (Lair:5)
  A cyclops (D:12)
  5 elephants
  A black mamba (Lair:5)
  An orange demon (Lair:3)
  A kobold demonologist (D:13)
  9 cane toads (Lair:6)
  A komodo dragon (D:12)
  A troll (D:12)
  A merfolk (Shoals:2)
  2 tyrant leeches (Lair:6)
  10 blink frogs
  2 slime creatures (D:14)
  A dream sheep (Lair:4)
  11 yaks
  3 basilisks
  3 vampire mosquitoes (Lair:6)
  A swamp worm (Lair:1)
  2 water moccasins
  3 wolves
  A centaur (D:13)
  4 bullfrogs
  2 electric eels
  2 lava snakes (Lair:5)
  An orc priest (D:12)
  7 orcs
  3 kobolds (D:11)
  A butterfly (Lair:3)
90 creatures vanquished.

Vanquished Creatures (others)
  2 orc knights
  A water elemental (Shoals:3)
  A kobold brigand (D:10)
  2 orc wizards (D:11)
  9 orcs
  A kobold (D:10)
  69 fungi
  148 plants
233 creatures vanquished.

Grand Total: 1018 creatures vanquished

Notes
Turn   | Place    | Note
-------+----------+-------------------------------------------
     0 | D:1      | Dabor the Hill Orc Fighter began the quest for the Orb.
     0 | D:1      | Reached XP level 1. HP: 19/19 MP: 1/1
    26 | D:1      | Found a faded altar of an unknown god.
    41 | D:1      | Found Xeoni's Antique Weapon Shop.
   231 | D:1      | Reached XP level 2. HP: 27/27 MP: 2/2
   868 | D:2      | Reached XP level 3. HP: 33/33 MP: 3/3
  1282 | D:2      | Noticed Natasha
  1298 | D:2      | Killed Natasha
  1299 | D:2      | Reached XP level 4. HP: 23/40 MP: 4/4
  1931 | D:2      | Noticed Natasha
  1940 | D:2      | Killed Natasha
  1941 | D:2      | Reached XP level 5. HP: 36/47 MP: 5/5
  2056 | D:2      | Noticed Natasha
  2061 | D:2      | Killed Natasha
  2177 | D:3      | Found an opulent altar of Gozag.
  2835 | D:4      | Noticed a phantom
  2842 | D:4      | Killed a phantom
  2843 | D:4      | Reached skill level 1 in Dodging
  2843 | D:4      | Reached XP level 6. HP: 50/55 MP: 6/6
  2884 | D:4      | Reached skill level 5 in Fighting
  2890 | D:4      | Found a large runed translucent door.
  2891 | D:4      | Found a large runed translucent door.
  2938 | D:4      | Noticed a black bear
  2944 | D:4      | Killed a black bear
  2992 | D:4      | Reached skill level 1 in Throwing
  2992 | D:4      | Reached XP level 7. HP: 60/61 MP: 7/7
  3034 | D:4      | Reached skill level 5 in Axes
  3207 | D:4      | Reached skill level 5 in Shields
  3274 | D:4      | Reached skill level 5 in Armour
  3408 | D:4      | Noticed hemabe71's ghost (amateur HuAr)
  3445 | D:5      | Entered Level 5 of the Dungeon
  3496 | D:5      | Found a sand-covered staircase.
  3505 | Ossuary  | Entered an ossuary
  3710 | D:5      | Found a transporter.
  3724 | D:5      | Noticed flt's ghost (weakling TeDe)
  3725 | D:5      | Identified the +9 great mace "Arbiter" {freeze, Str+3}
  3731 | D:5      | Found a transporter.
  3744 | D:5      | Killed flt's ghost
  3950 | D:5      | Reached XP level 8. HP: 52/70 MP: 8/8
  3996 | D:5      | Noticed Ijyb
  4001 | D:5      | Killed Ijyb
  4115 | D:5      | Noticed a shadow
  4131 | D:5      | Killed a shadow
  4132 | D:5      | Reached skill level 1 in Maces & Flails
  4288 | D:5      | Reached skill level 2 in Maces & Flails
  4736 | D:4      | Killed hemabe71's ghost
  4737 | D:4      | Reached skill level 3 in Maces & Flails
  4737 | D:4      | Reached XP level 9. HP: 51/79 MP: 9/9
  4747 | D:4      | Learned a level 2 spell: Passwall
  5321 | D:6      | Found a staircase to the Ecumenical Temple.
  5721 | D:6      | Became a worshipper of Beogh the Brigand
  5974 | D:6      | Noticed a komodo dragon
  5975 | D:6      | Noticed a troll
  5980 | D:6      | Reached skill level 4 in Maces & Flails
  5982 | D:6      | Killed a troll
  6033 | D:6      | Noticed a cyclops
  6038 | D:6      | Killed a cyclops
  6046 | D:6      | Killed a komodo dragon
  6047 | D:6      | Reached skill level 5 in Maces & Flails
  6179 | D:6      | Reached XP level 10. HP: 90/90 MP: 10/10
  6395 | D:7      | Noticed Menkaure
  6398 | D:7      | Killed Menkaure
  6548 | D:7      | Reached skill level 6 in Maces & Flails
  6959 | D:7      | Found a hide-covered altar of Uskayaw.
  7258 | D:8      | Found a broken altar of Ashenzari.
  7262 | D:8      | Reached * piety under Beogh
  7506 | D:8      | Reached skill level 7 in Maces & Flails
  7619 | D:8      | Found an ornate altar of the Wu Jian Council.
  8148 | D:9      | Reached skill level 10 in Fighting
  8322 | D:9      | Reached skill level 8 in Maces & Flails
  8423 | D:9      | Found a radiant altar of Vehumet.
  8965 | D:10     | Entered Level 10 of the Dungeon
  9032 | D:10     | Reached ** piety under Beogh
  9090 | D:10     | Reached skill level 9 in Maces & Flails
  9125 | D:10     | Identified the +0 rapier "Xyzaliv" {drain, *Rage rC+++ MP+9
                  | Dex+4}
  9167 | D:10     | Reached XP level 11. HP: 96/99 MP: 11/11
  9178 | D:10     | Found a flagged portal.
  9185 | Bailey   | Entered a bailey
  9307 | Bailey   | Reached skill level 10 in Maces & Flails
  9316 | Bailey   | Reached skill level 1 in Invocations
  9342 | Bailey   | Noticed an orc knight
  9352 | Bailey   | Killed an orc knight
  9355 | Bailey   | Reached *** piety under Beogh
  9929 | D:10     | Found Siapt's Weapon Shop.
 10202 | D:10     | Found an ancient bone altar of Kikubaaqudgha.
 10287 | D:11     | Noticed Josephine
 10299 | D:11     | Killed Josephine
 10309 | D:11     | Reached skill level 11 in Maces & Flails
 10702 | D:11     | Noticed a boulder beetle
 10707 | D:11     | Killed a boulder beetle
 10718 | D:11     | Found a staircase to the Orcish Mines.
 10791 | D:11     | Reached skill level 5 in Invocations
 10836 | D:11     | Reached **** piety under Beogh
 10941 | D:11     | Found a staircase to the Lair.
 10995 | D:11     | Noticed Maurice
 11000 | D:11     | Killed Maurice
 11001 | D:11     | Reached skill level 12 in Maces & Flails
 11109 | D:11     | Identified the +5 short sword "Cabba" {venom, rN+}
 11345 | D:11     | Noticed a seven-headed hydra
 11352 | D:11     | Killed a seven-headed hydra
 11585 | D:12     | Noticed a cyclops
 11588 | D:12     | Noticed a skeletal warrior
 11588 | D:12     | Noticed a skeletal warrior
 11596 | D:12     | Noticed a skeletal warrior
 11684 | Lair:1   | Entered Level 1 of the Lair of Beasts
 11684 | Lair:1   | Noticed Erica
 11697 | Lair:1   | Killed Erica
 11947 | Lair:1   | Reached XP level 12. HP: 87/106 MP: 17/17
 12043 | Lair:1   | Reached skill level 13 in Maces & Flails
 12058 | Lair:1   | Identified the +7 hand axe of Dissatisfaction {flame, Drain
                  | rF+ rN+ Will+++ Dex-4}
 12326 | Lair:1   | Identified the +3 spear of Desperation {flame, Fly}
 12506 | Lair:1   | You are sucked into a shaft and drop 1 floor!
 12542 | Lair:2   | Reached skill level 14 in Maces & Flails
 13118 | Lair:2   | Found a staircase to the Snake Pit.
 13380 | Lair:1   | Reached ***** piety under Beogh
 14303 | Lair:3   | Reached skill level 15 in Maces & Flails
 14462 | Lair:3   | Noticed Amaemon
 14471 | Lair:3   | Killed Amaemon
 14496 | Lair:3   | Found a staircase to the Shoals.
 14633 | Lair:3   | Reached skill level 16 in Maces & Flails
 15378 | Lair:4   | Reached XP level 13. HP: 111/113 MP: 18/18
 15806 | Lair:4   | Found a sacrificial altar of Ru.
 15973 | Lair:4   | Reached skill level 17 in Maces & Flails
 16518 | Lair:5   | Gained Garbold as an ally
 17040 | Lair:5   | Found a viscous altar of Jiyva.
 17040 | Lair:5   | Found a staircase to the Slime Pits.
 17222 | Lair:5   | Reached skill level 18 in Maces & Flails
 17674 | Lair:6   | Entered Level 6 of the Lair of Beasts
 17704 | Lair:6   | Gained Oreg as an ally
 17859 | Lair:6   | Reached ****** piety under Beogh
 17880 | Lair:6   | Reached skill level 19 in Maces & Flails
 18329 | Lair:6   | Reached XP level 14. HP: 121/121 MP: 19/19
 18617 | Lair:6   | Reached skill level 1 in Evocations
 20327 | D:12     | Reached skill level 10 in Armour
 21722 | D:14     | Found a gate to the Vaults.
 21747 | D:14     | Gained Wargrak as an ally
 21754 | D:14     | Reached skill level 5 in Dodging
 22113 | D:14     | Was placed under penance by Beogh
 22123 | D:14     | Noticed Jorgrun
 22135 | D:14     | Noticed Snorg
 22160 | D:14     | Killed Snorg
 22177 | D:14     | Your ally Wargrak died
 22178 | D:14     | Reached XP level 15. HP: 43/133 MP: 21/21
 22180 | D:14     | Noticed an orc warlord
 22196 | D:14     | Killed an orc warlord
 22252 | D:14     | Noticed an orc warlord
 22261 | D:14     | Killed an orc warlord
 22327 | D:14     | Noticed Arkwar
 22366 | D:14     | Killed Arkwar the orc warlord
 22889 | Shoals:1 | Entered Level 1 of the Shoals
 23370 | Shoals:1 | Noticed an orc warlord
 24291 | Shoals:1 | Killed an orc warlord
 24810 | Shoals:1 | Noticed an orc warlord
 24827 | Shoals:1 | Killed an orc warlord
 25552 | Shoals:1 | Noticed an orc warlord
 25579 | Shoals:2 | Noticed Okrist
 25707 | Shoals:1 | Killed Okrist the orc warlord
 25909 | Shoals:2 | Noticed Ilsuiw
 26574 | Shoals:2 | Killed Ilsuiw
 26633 | Shoals:2 | Reached skill level 5 in Evocations
 26675 | Shoals:2 | Noticed an orc warlord
 27003 | Shoals:2 | Killed an orc warlord
 27904 | Shoals:3 | Reached skill level 10 in Invocations
 28152 | Shoals:3 | Noticed Bai Suzhen
 28166 | Shoals:3 | Killed Bai Suzhen
 28246 | Shoals:3 | Noticed an orc warlord
 28316 | Shoals:2 | Killed an orc warlord
 28484 | Shoals:3 | Noticed an orc warlord
 28497 | Shoals:3 | Killed an orc warlord
 28613 | Shoals:3 | Found Ucsem's Island Escapes.
 28621 | Shoals:3 | Bought a potion of invisibility for 152 gold pieces
 28621 | Shoals:3 | Bought a scroll of blinking for 142 gold pieces
 28621 | Shoals:3 | Bought a scroll of fog for 38 gold pieces
 28621 | Shoals:3 | Bought a scroll of blinking for 142 gold pieces
 29660 | Shoals:4 | Entered Level 4 of the Shoals
 29670 | Shoals:4 | Noticed Polyphemus
 29684 | Shoals:4 | Killed Polyphemus
 29983 | Shoals:4 | Reached XP level 16. HP: 117/146 MP: 23/23
 29996 | Shoals:4 | Was forgiven by Beogh
 30885 | Shoals:4 | Noticed a titan
 31230 | Shoals:4 | Killed from afar by a titan

Illustrated notes

Levels and vault maps discovered:
D:1:      saegor_arrival_simple_c, layout_basic, serial_shops, shop_fountains,
          shapermc_ecumenical_altar_notcrosses, hangedman_decor_push
D:2:      layout_basic, uniq_natasha
D:3:      layout_basic, nicolae_gozag_seed_capital, grunt_decor_clamped
D:4:      layout_cave_pools, ebering_ghost_disaster_area
D:5:      layout_rooms, enter_ossuary_4, gammafunk_ghost_smash, uniq_ijyb
D:6:      minmay_chambers_of_sixes, layout_loops_corners, temple_doors_ab,
          serial_aquarium, aquarium_bridge_island_small
          [aquarium_subvault_small_open, aquarium_subvault_bridge,
          aquarium_subvault_bridge, aquarium_subvault_bridge,
          aquarium_subvault_bridge], aquarium_window_3, aquarium_window_2,
          aquarium_window_1, aquarium_view_2d, aquarium_pool_2
D:7:      layout_rooms, nicolae_uskayaw_suspiria, hangedman_decor_slide_cut,
          kennysheep_generic_room_11, uniq_menkaure
D:8:      layout_basic, nzn_wu_jian_council_hall, ashenzari_altar_1
D:9:      layout_irregular_city, vehumet_crystals,
          chequers_serial_rivers_small_3, kennysheep_generic_room_12
D:10:     layout_roguey, kennysheep_vampire_church, enter_bailey_4,
          serial_shops, nicolae_lakefront_shop
D:11:     layout_loops_corners, david_lair_shrubbed, hiddenorc1_lemuel,
          uniq_josephine, uniq_maurice
D:12:     layout_grid_maze
D:13:     layout_stronghold, serial_rivers, chequers_serial_rivers_small_3,
          chequers_serial_rivers_small_3, chequers_serial_rivers_micro_a,
          chequers_serial_rivers_room_b, chequers_serial_rivers_marsh,
          chequers_serial_rivers_small_a
D:14:     layout_irregular_city, erik_vaults_2, minmay_fire_ice_demons,
          uniq_jorgrun, uniq_snorg
Lair:1:   layout_misc_corridors, worms_lemuel, uniq_erica
Lair:2:   layout_regular_city, dummy_snake_entry
Lair:3:   layout_hall_layers, minmay_shoals_entry_hut, serial_rivers,
          chequers_serial_rivers_large_a, chequers_serial_rivers_micro_e,
          chequers_serial_rivers_small_3, chequers_serial_rivers_micro_a,
          beast_lair_carwin_9, lemuel_fruit_tree, lemuel_fruit_fields,
          grunt_megastairs_2, uniq_amaemon
Lair:4:   layout_gridlike, basic_altar, infiniplex_staircase_pool
Lair:5:   nzn_motion_control, layout_gridlike, dpeg_slime_entry_enclosed_altar,
          grunt_forest_small_clearings, nicolae_lair_liquid_snakes
Lair:6:   minmay_lair_end_frog_pond, layout_regular_city
Shoals:1: layout_shoals, nicolae_shoals_this_corrosion
Shoals:2: layout_shoals, uniq_ilsuiw
Shoals:3: layout_shoals, nicolae_island_escapes, uniq_bai_suzhen
Shoals:4: shoals_end_hellmonk_storm_palace [storm_palace_center_square,
          storm_palace_corner_blocked, storm_palace_corner_reverse_hut,
          storm_palace_corner_reverse_hut, storm_palace_corner_reverse_hut],
          serial_shops, uniq_polyphemus

Skill      XL: |  1  2  3  4  5  6  7  8  9 10 11 12 13 14 15 16 |
---------------+-------------------------------------------------+-----
Axes           | 3 4 6 |  6.1
Fighting       | 4 5 6 7 8 10 12 14 | 14.8
Armour         | 4 5 6 8 9 11 12 13 | 13.5
Shields        | 4 5 |  5.0
Dodging        | 1 2 3 4 5 6 |  6.9
Throwing       | 1 2 3 4 |  4.0
Maces & Flails | 3 5 9 12 16 19 | 19.7
Invocations    | 6 7 8 10 11 | 11.1
Evocations     | 3 5 |  5.0

Action                   |  1- 3 |  4- 6 |  7- 9 | 10-12 | 13-15 | 16-18 || total
-------------------------+-------+-------+-------+-------+-------+-------++-------
Melee: War axe           |   110 |   102 |    97 |       |       |       ||   309
       Great mace        |       |       |   116 |   473 |   893 |   107 ||  1589
Throw: Dart              |       |     4 |     6 |     9 |    73 |       ||    92
       Boomerang         |       |       |       |       |     6 |     3 ||     9
       Throwing net      |       |       |       |       |       |     1 ||     1
Invok: Convert to Beogh  |       |       |     1 |       |       |       ||     1
       Recall Orcish Fol |       |       |       |     7 |     7 |     1 ||    15
       Give Item to Name |       |       |       |       |     2 |       ||     2
Evoke: Wand              |       |       |       |       |    29 |       ||    29
       Lightning rod     |       |       |       |       |    10 |     3 ||    13
       Phantom mirror    |       |       |       |       |     1 |     1 ||     2
  Use: Potion            |     5 |       |     1 |       |    26 |     4 ||    36
       Scroll            |       |       |     9 |     8 |    22 |       ||    39
 Stab: Distracted        |       |       |       |     2 |     1 |       ||     3
       Invisible         |       |       |       |       |       |     8 ||     8
Armor: Scale mail        |    47 |     6 |       |       |       |       ||    53
       Ring mail         |       |    23 |    37 |       |       |       ||    60
       Chain mail        |       |       |    25 |   252 |   482 |    73 ||   832
Dodge: Dodged            |    60 |    34 |   138 |   405 |   579 |   107 ||  1323
Block: Buckler           |    31 |    37 |    50 |       |       |       ||   118
       Reflection        |       |     4 |     1 |    11 |    13 |     1 ||    30
       Other             |       |       |    28 |    72 |   174 |    28 ||   302

Table legend: (Time is in decaauts)
 A = Elapsed time spent in this place.
 B = Non-inter-level travel time spent in this place.
 C = Inter-level travel time spent in this place.
 D = Time resting spent in this place.
 E = Time spent auto-exploring this place.
 F = Levels seen in this place.
 G = Mean time per level.
                   A        B        C        D        E       F      G
               +--------+--------+--------+--------+--------+-----+--------+
         Total |  31262 |  29943 |   1319 |   7174 |  17052 |  26 | 1202.4 |
       Dungeon |  14943 |  14050 |    893 |   1539 |   9734 |  14 | 1067.4 |
          Lair |   7938 |   7618 |    320 |   1923 |   4330 |   6 | 1323.0 |
        Shoals |   7838 |   7734 |    104 |   3712 |   2682 |   4 | 1959.5 |
       Ossuary |    181 |    181 |      0 |      0 |     83 |   1 |  181.0 |
        Bailey |    360 |    360 |      0 |      0 |    223 |   1 |  360.0 |
               +--------+--------+--------+--------+--------+-----+--------+

Top non-repeatable levels by time:
Shoals:1: 2985 daAuts
Shoals:3: 1963 daAuts
Shoals:2: 1645 daAuts
  Lair:3: 1545 daAuts
  Lair:5: 1505 daAuts
    D:13: 1443 daAuts
  Lair:6: 1436 daAuts
     D:2: 1370 daAuts
  Lair:2: 1338 daAuts
    D:11: 1322 daAuts
     D:6: 1302 daAuts
    D:12: 1279 daAuts
Shoals:4: 1243 daAuts
     D:5: 1221 daAuts
  Lair:1: 1192 daAuts
